 Seeded DCSS version 0.28.0-53-g5a82cb258f (webtiles) character file.

Game seed: 10688209801300926028 (custom seed)

34 ravioli the Skirmisher (level 3, -2/33 HPs)
             Began as a Hill Orc Fighter on July 13, 2022.
             Killed from afar by Natasha (5 damage)
             ... with a magic dart
             ... on level 2 of the Dungeon.
             The game lasted 00:01:38 (1298 turns).

ravioli the Skirmisher (Hill Orc Fighter)           Turns: 1298, Time: 00:01:38

Health: -2/33      AC:  6    Str: 20    XL:     3   Next: 31%
Magic:  3/3        EV:  9    Int:  8    God:
Gold:   73         SH:  4    Dex: 10    Spells: 2/2 levels left

rFire   . . .      SeeInvis .   a - +0 war axe
rCold   . . .      Faith    .   c - +0 buckler
rNeg    . . .      Spirit   .   b - +0 scale mail
rPois   .          Reflect  .   (no helmet)
rElec   .          Harm     .   (no cloak)
rCorr   .          Rampage  .   (no gloves)
Will    .....                   (no boots)
Stlth   ..........              (no amulet)
HPRegen 0.11/turn               (no ring)
MPRegen 0.08/turn               (no ring)

@: slowed, very slow
A: no striking features
a: no special abilities


You were on level 2 of the Dungeon.
You visited 1 branch of the dungeon, and saw 2 of its levels.

You collected 73 gold pieces.

Inventory:

Hand Weapons
 a - a +0 war axe (weapon)
Missiles
 h - 79 bolts
Armour
 b - a +0 scale mail (worn)
 c - a +0 buckler (worn)
Scrolls
 f - 2 scrolls of enchant weapon {unknown}
 g - a scroll of identify {unknown}
 m - a scroll of amnesia {unknown}
Potions
 d - a potion of might
 e - 2 potions of cancellation {unknown}
 i - a potion of resistance {unknown}
 j - 2 potions of heal wounds {unknown}
 k - a potion of magic {unknown}
 l - a potion of invisibility {unknown}


   Skills:
 + Level 4.1 Fighting
 + Level 3.4 Axes
 + Level 3.6 Armour
 + Level 0.1 Dodging
 + Level 3.6 Shields


You had 2 spell levels left.
You didn't know any spells.
Your spell library was empty.

Dungeon Overview and Level Annotations

Branches:
Dungeon (2/15)

Altars:

Annotations:
D:2 Natasha


Message History

a +0 dagger; a goblin corpse
Found a glimmering hand axe and a ring mail.
j - 2 murky emerald potions (gained 1)
h - 79 bolts (gained 22)
You see here the +8 hand axe "Giwk" {vamp, +Blink Dex-3 Stlth+}.
You see here a +0 ring mail.
You now have 73 gold pieces (gained 8).
Natasha, Servant of Life and Death comes into view.
Natasha hisses angrily.
Natasha casts a spell at you.
The magic dart hits you but does no damage.
Natasha stares at you and mumbles some strange words.
You feel yourself slow down.
You barely miss Natasha. Natasha misses you. Natasha barely misses you.
You closely miss Natasha. Natasha casts a spell at you.
You resist with significant effort. Natasha claws you.
You hit Natasha but do no damage. Natasha claws you.
Natasha claws you but does no damage.
You slash Natasha!
Natasha is almost dead.
Natasha stares at you and mumbles some strange words.
You feel as though you will be slow longer.
Natasha howls an incantation.
Natasha shimmers violently.
Natasha claws you!
You barely miss Natasha.
Natasha is almost dead.
Natasha claws you!
Natasha drinks a potion.
Natasha is healed!
You miss Natasha.
Natasha is lightly wounded.
Natasha claws you.
* * * LOW HITPOINT WARNING * * *
Natasha claws you.
* * * LOW HITPOINT WARNING * * *
You barely miss Natasha.
Natasha is lightly wounded.
Natasha stares at you and mumbles some strange words.
The magic dart hits you.
You die...

.....
.....
#.#.#
#.#.####
#.#....#
#......#
#......#
#..@...#
#.#.h..#
#.#....#
#.#....#
#.#.####
#.#.#.#
#.#.#.#
#.#.#.#
#.#.#


You could see Natasha.

Vanquished Creatures
  A worm (D:2)
  A dart slug (D:1)
  2 ball pythons (D:1)
  2 endoplasms (D:1)
  3 giant cockroaches (D:1)
  5 goblins
  A hobgoblin (D:2)
  A quokka (D:1)
  3 bats
  3 frilled lizards
  2 kobolds (D:1)
  3 rats (D:1)
27 creatures vanquished.

Notes
Turn   | Place    | Note
-------+----------+-------------------------------------------
     0 | D:1      | ravioli the Hill Orc Fighter began the quest for the Orb.
     0 | D:1      | Reached XP level 1. HP: 19/19 MP: 1/1
   280 | D:1      | Reached XP level 2. HP: 27/27 MP: 2/2
   555 | D:1      | Reached skill level 4 in Fighting
   576 | D:1      | Reached XP level 3. HP: 33/33 MP: 3/3
  1257 | D:2      | Identified the +8 hand axe "Giwk" {vamp, +Blink Dex-3
                  | Stlth+}
  1289 | D:2      | Noticed Natasha
  1298 | D:2      | Killed from afar by Natasha

Illustrated notes

Levels and vault maps discovered:
D:1:      minmay_arrival_stair_chambers, layout_basic
D:2:      layout_basic, grunt_decor_arrowhead, kennysheep_nondescript,
          minmay_stone_trees_medium, minmay_worlds_worst_comb, uniq_natasha

Skill      XL: |  1  2 |
---------------+-------+-----
Axes           | 3 |  3.4
Fighting       | 4 |  4.1
Armour         | |  3.6
Dodging        | |  0.1
Shields        | |  3.6

Action                   || total
-------------------------++-------
Melee: War axe           ||    64
Armor: Scale mail        ||    29
Dodge: Dodged            ||    25
Block: Buckler           ||    18
